Workbook

Sheet Draw Request
A1: P8 CAPITAL ADVISORS New Construction Scope & Draw Schedule
A4: Property address: | F4: Proposed
E5: # of units
E6: Square footage
E7: # of bedrooms
E8: # of bathrooms
A10: Overall Description of Work
A11: Include a description of construction method as well as the quality/type of the interior finishes
A17: Draw Schedule
A18: Row | B18: Item of Work | C18: Total Budgeted Cost | D18: Amount Previously Spent | E18: Cost Remaining | G18: Row
A19: 0 | B19: General | G19: =A19 -> 0
A20: =A19+1 -> 1 | B20: Architectural fees | E20: =IF(C20="","",MAX(C20-D20,0)) | G20: =A20 -> 1
A21: =A20+1 -> 2 | B21: Engineering fees | E21: =IF(C21="","",MAX(C21-D21,0)) | G21: =A21 -> 2
A22: =A21+1 -> 3 | B22: Survey fees | E22: =IF(C22="","",MAX(C22-D22,0)) | G22: =A22 -> 3
A23: =A22+1 -> 4 | B23: Permit fees | E23: =IF(C23="","",MAX(C23-D23,0)) | G23: =A23 -> 4
A24: =A23+1 -> 5 | B24: Impact fees | E24: =IF(C24="","",MAX(C24-D24,0)) | G24: =A24 -> 5
A25: =A24+1 -> 6 | B25: Utility connection fees | E25: =IF(C25="","",MAX(C25-D25,0)) | G25: =A25 -> 6
A26: =A25+1 -> 7 | B26: Site | E26: =IF(C26="","",MAX(C26-D26,0)) | G26: =A26 -> 7
A27: =A26+1 -> 8 | B27: Clearing / demolition | E27: =IF(C27="","",MAX(C27-D27,0)) | G27: =A27 -> 8
A28: =A27+1 -> 9 | B28: Excavation | E28: =IF(C28="","",MAX(C28-D28,0)) | G28: =A28 -> 9
A29: =A28+1 -> 10 | B29: Soil import/export | E29: =IF(C29="","",MAX(C29-D29,0)) | G29: =A29 -> 10
A30: =A29+1 -> 11 | B30: Grading | E30: =IF(C30="","",MAX(C30-D30,0)) | G30: =A30 -> 11
A31: =A30+1 -> 12 | B31: Erosion control | E31: =IF(C31="","",MAX(C31-D31,0)) | G31: =A31 -> 12
... A123: =A122+1 -> 104 | B123: General conditions | E123: =IF(C123="","",MAX(C123-D123,0)) | G123: =A123 -> 104
C124: =SUM(C20:C123) -> 0 | D124: =SUM(D20:D123) -> 0 | E124: =C124-D124 -> 0
A125: Borrower's Certification
B126: Terms and Requirements - I acknowledge that:
B127: (1) Construction funds will only be disbursed for completed work (materials purchases or contractor deposits must be advance by the borrower).
B128: (2) Construction funds will only be disbursed in accordance with the values listed above.
B129: (3) Any changes to project the budget or this draw schedule must be approved, in advance, by the Lender.
B130: Borrower Signature

Sheet Sheet1
A1: itemNumber | B1: budgetGroupLk | C1: itemDescription | D1: priorCost | E1: laborCost | F1: materialsCost | G1: totalCost
A2: ='Draw Request'!A19 -> 0 | B2: 100 | C2: sectionDivider | D2: ='Draw Request'!D19 -> 0 | E2: 0 | F2: 0 | G2: ='Draw Request'!C19 -> 0
A3: ='Draw Request'!A20 -> 1 | B3: 100 | C3: ='Draw Request'!B20 -> Architectural fees | D3: ='Draw Request'!D20 -> 0 | E3: 0 | F3: 0 | G3: ='Draw Request'!C20 -> 0
A4: ='Draw Request'!A21 -> 2 | B4: 100 | C4: ='Draw Request'!B21 -> Engineering fees | D4: ='Draw Request'!D21 -> 0 | E4: 0 | F4: 0 | G4: ='Draw Request'!C21 -> 0
A5: ='Draw Request'!A22 -> 3 | B5: 100 | C5: ='Draw Request'!B22 -> Survey fees | D5: ='Draw Request'!D22 -> 0 | E5: 0 | F5: 0 | G5: ='Draw Request'!C22 -> 0
A6: ='Draw Request'!A23 -> 4 | B6: 100 | C6: ='Draw Request'!B23 -> Permit fees | D6: ='Draw Request'!D23 -> 0 | E6: 0 | F6: 0 | G6: ='Draw Request'!C23 -> 0
A7: ='Draw Request'!A24 -> 5 | B7: 100 | C7: ='Draw Request'!B24 -> Impact fees | D7: ='Draw Request'!D24 -> 0 | E7: 0 | F7: 0 | G7: ='Draw Request'!C24 -> 0
A8: ='Draw Request'!A25 -> 6 | B8: 100 | C8: ='Draw Request'!B25 -> Utility connection fees | D8: ='Draw Request'!D25 -> 0 | E8: 0 | F8: 0 | G8: ='Draw Request'!C25 -> 0
A9: ='Draw Request'!A26 -> 7 | B9: 200 | C9: sectionDivider | D9: ='Draw Request'!D26 -> 0 | E9: 0 | F9: 0 | G9: ='Draw Request'!C26 -> 0
A10: ='Draw Request'!A27 -> 8 | B10: 200 | C10: ='Draw Request'!B27 -> Clearing / demolition | D10: ='Draw Request'!D27 -> 0 | E10: 0 | F10: 0 | G10: ='Draw Request'!C27 -> 0
A11: ='Draw Request'!A28 -> 9 | B11: 200 | C11: ='Draw Request'!B28 -> Excavation | D11: ='Draw Request'!D28 -> 0 | E11: 0 | F11: 0 | G11: ='Draw Request'!C28 -> 0
A12: ='Draw Request'!A29 -> 10 | B12: 200 | C12: ='Draw Request'!B29 -> Soil import/export | D12: ='Draw Request'!D29 -> 0 | E12: 0 | F12: 0 | G12: ='Draw Request'!C29 -> 0
A13: ='Draw Request'!A30 -> 11 | B13: 200 | C13: ='Draw Request'!B30 -> Grading | D13: ='Draw Request'!D30 -> 0 | E13: 0 | F13: 0 | G13: ='Draw Request'!C30 -> 0
A14: ='Draw Request'!A31 -> 12 | B14: 200 | C14: ='Draw Request'!B31 -> Erosion control | D14: ='Draw Request'!D31 -> 0 | E14: 0 | F14: 0 | G14: ='Draw Request'!C31 -> 0
A15: ='Draw Request'!A32 -> 13 | B15: 200 | C15: ='Draw Request'!B32 -> Fencing | D15: ='Draw Request'!D32 -> 0 | E15: 0 | F15: 0 | G15: ='Draw Request'!C32 -> 0
A16: ='Draw Request'!A33 -> 14 | B16: 200 | C16: ='Draw Request'!B33 -> Dumpster | D16: ='Draw Request'!D33 -> 0 | E16: 0 | F16: 0 | G16: ='Draw Request'!C33 -> 0
A17: ='Draw Request'!A34 -> 15 | B17: 200 | C17: ='Draw Request'!B34 -> Temp utilities | D17: ='Draw Request'!D34 -> 0 | E17: 0 | F17: 0 | G17: ='Draw Request'!C34 -> 0
A18: ='Draw Request'!A35 -> 16 | B18: 200 | C18: ='Draw Request'!B35 -> Water connection* | D18: ='Draw Request'!D35 -> 0 | E18: 0 | F18: 0 | G18: ='Draw Request'!C35 -> 0
A19: ='Draw Request'!A36 -> 17 | B19: 200 | C19: ='Draw Request'!B36 -> Well* | D19: ='Draw Request'!D36 -> 0 | E19: 0 | F19: 0 | G19: ='Draw Request'!C36 -> 0
A20: ='Draw Request'!A37 -> 18 | B20: 200 | C20: ='Draw Request'!B37 -> Sewer connection* | D20: ='Draw Request'!D37 -> 0 | E20: 0 | F20: 0 | G20: ='Draw Request'!C37 -> 0
A21: ='Draw Request'!A38 -> 19 | B21: 200 | C21: ='Draw Request'!B38 -> Septic system* | D21: ='Draw Request'!D38 -> 0 | E21: 0 | F21: 0 | G21: ='Draw Request'!C38 -> 0
A22: ='Draw Request'!A39 -> 20 | B22: 200 | C22: ='Draw Request'!B39 -> Gas connection | D22: ='Draw Request'!D39 -> 0 | E22: 0 | F22: 0 | G22: ='Draw Request'!C39 -> 0
A23: ='Draw Request'!A40 -> 21 | B23: 300 | C23: sectionDivider | D23: ='Draw Request'!D40 -> 0 | E23: 0 | F23: 0 | G23: ='Draw Request'!C40 -> 0
A24: ='Draw Request'!A41 -> 22 | B24: 300 | C24: ='Draw Request'!B41 -> Footings / stem wall* | D24: ='Draw Request'!D41 -> 0 | E24: 0 | F24: 0 | G24: ='Draw Request'!C41 -> 0
A25: ='Draw Request'!A42 -> 23 | B25: 300 | C25: ='Draw Request'!B42 -> Foundation slab* | D25: ='Draw Request'!D42 -> 0 | E25: 0 | F25: 0 | G25: ='Draw Request'!C42 -> 0
A26: ='Draw Request'!A43 -> 24 | B26: 300 | C26: ='Draw Request'!B43 -> In-slab utilities* | D26: ='Draw Request'!D43 -> 0 | E26: 0 | F26: 0 | G26: ='Draw Request'!C43 -> 0
A27: ='Draw Request'!A44 -> 25 | B27: 400 | C27: sectionDivider | D27: ='Draw Request'!D44 -> 0 | E27: 0 | F27: 0 | G27: ='Draw Request'!C44 -> 0
A28: ='Draw Request'!A45 -> 26 | B28: 400 | C28: ='Draw Request'!B45 -> Exterior walls * | D28: ='Draw Request'!D45 -> 0 | E28: 0 | F28: 0 | G28: ='Draw Request'!C45 -> 0
A29: ='Draw Request'!A46 -> 27 | B29: 400 | C29: ='Draw Request'!B46 -> Framing* | D29: ='Draw Request'!D46 -> 0 | E29: 0 | F29: 0 | G29: ='Draw Request'!C46 -> 0
A30: ='Draw Request'!A47 -> 28 | B30: 400 | C30: ='Draw Request'!B47 -> Roof trusses | D30: ='Draw Request'!D47 -> 0 | E30: 0 | F30: 0 | G30: ='Draw Request'!C47 -> 0
A31: ='Draw Request'!A48 -> 29 | B31: 400 | C31: ='Draw Request'!B48 -> Roofing* | D31: ='Draw Request'!D48 -> 0 | E31: 0 | F31: 0 | G31: ='Draw Request'!C48 -> 0
A32: ='Draw Request'!A49 -> 30 | B32: 400 | C32: ='Draw Request'!B49 -> Windows | D32: ='Draw Request'!D49 -> 0 | E32: 0 | F32: 0 | G32: ='Draw Request'!C49 -> 0
A33: ='Draw Request'!A50 -> 31 | B33: 400 | C33: ='Draw Request'!B50 -> Exterior doors | D33: ='Draw Request'!D50 -> 0 | E33: 0 | F33: 0 | G33: ='Draw Request'!C50 -> 0
A34: ='Draw Request'!A51 -> 32 | B34: 500 | C34: sectionDivider | D34: ='Draw Request'!D51 -> 0 | E34: 0 | F34: 0 | G34: ='Draw Request'!C51 -> 0
A35: ='Draw Request'!A52 -> 33 | B35: 500 | C35: ='Draw Request'!B52 -> Siding | D35: ='Draw Request'!D52 -> 0 | E35: 0 | F35: 0 | G35: ='Draw Request'!C52 -> 0
A36: ='Draw Request'!A53 -> 34 | B36: 500 | C36: ='Draw Request'!B53 -> Stucco | D36: ='Draw Request'!D53 -> 0 | E36: 0 | F36: 0 | G36: ='Draw Request'!C53 -> 0
A37: ='Draw Request'!A54 -> 35 | B37: 500 | C37: ='Draw Request'!B54 -> Paint | D37: ='Draw Request'!D54 -> 0 | E37: 0 | F37: 0 | G37: ='Draw Request'!C54 -> 0
A38: ='Draw Request'!A55 -> 36 | B38: 500 | C38: ='Draw Request'!B55 -> Stone or masonry | D38: ='Draw Request'!D55 -> 0 | E38: 0 | F38: 0 | G38: ='Draw Request'!C55 -> 0
A39: ='Draw Request'!A56 -> 37 | B39: 500 | C39: ='Draw Request'!B56 -> Soffits and fascia | D39: ='Draw Request'!D56 -> 0 | E39: 0 | F39: 0 | G39: ='Draw Request'!C56 -> 0
A40: ='Draw Request'!A57 -> 38 | B40: 500 | C40: ='Draw Request'!B57 -> Gutters | D40: ='Draw Request'!D57 -> 0 | E40: 0 | F40: 0 | G40: ='Draw Request'!C57 -> 0
A41: ='Draw Request'!A58 -> 39 | B41: 500 | C41: ='Draw Request'!B58 -> Garage doors | D41: ='Draw Request'!D58 -> 0 | E41: 0 | F41: 0 | G41: ='Draw Request'!C58 -> 0
A42: ='Draw Request'!A59 -> 40 | B42: 600 | C42: sectionDivider | D42: ='Draw Request'!D59 -> 0 | E42: 0 | F42: 0 | G42: ='Draw Request'!C59 -> 0
A43: ='Draw Request'!A60 -> 41 | B43: 600 | C43: ='Draw Request'!B60 -> Plumbing rough-in* | D43: ='Draw Request'!D60 -> 0 | E43: 0 | F43: 0 | G43: ='Draw Request'!C60 -> 0
A44: ='Draw Request'!A61 -> 42 | B44: 600 | C44: ='Draw Request'!B61 -> Plumbing final | D44: ='Draw Request'!D61 -> 0 | E44: 0 | F44: 0 | G44: ='Draw Request'!C61 -> 0
A45: ='Draw Request'!A62 -> 43 | B45: 600 | C45: ='Draw Request'!B62 -> Electrical rough-in* | D45: ='Draw Request'!D62 -> 0 | E45: 0 | F45: 0 | G45: ='Draw Request'!C62 -> 0
A46: ='Draw Request'!A63 -> 44 | B46: 600 | C46: ='Draw Request'!B63 -> Electrical final | D46: ='Draw Request'!D63 -> 0 | E46: 0 | F46: 0 | G46: ='Draw Request'!C63 -> 0
A47: ='Draw Request'!A64 -> 45 | B47: 600 | C47: ='Draw Request'!B64 -> HVAC rough-in* | D47: ='Draw Request'!D64 -> 0 | E47: 0 | F47: 0 | G47: ='Draw Request'!C64 -> 0
A48: ='Draw Request'!A65 -> 46 | B48: 600 | C48: ='Draw Request'!B65 -> HVAC final | D48: ='Draw Request'!D65 -> 0 | E48: 0 | F48: 0 | G48: ='Draw Request'!C65 -> 0
A49: ='Draw Request'!A66 -> 47 | B49: 600 | C49: ='Draw Request'!B66 -> Water heater | D49: ='Draw Request'!D66 -> 0 | E49: 0 | F49: 0 | G49: ='Draw Request'!C66 -> 0
A50: ='Draw Request'!A67 -> 48 | B50: 600 | C50: ='Draw Request'!B67 -> Fire sprinklers | D50: ='Draw Request'!D67 -> 0 | E50: 0 | F50: 0 | G50: ='Draw Request'!C67 -> 0
A51: ='Draw Request'!A68 -> 49 | B51: 700 | C51: sectionDivider | D51: ='Draw Request'!D68 -> 0 | E51: 0 | F51: 0 | G51: ='Draw Request'!C68 -> 0
A52: ='Draw Request'!A69 -> 50 | B52: 700 | C52: ='Draw Request'!B69 -> Insulation | D52: ='Draw Request'!D69 -> 0 | E52: 0 | F52: 0 | G52: ='Draw Request'!C69 -> 0
A53: ='Draw Request'!A70 -> 51 | B53: 700 | C53: ='Draw Request'!B70 -> Drywall* | D53: ='Draw Request'!D70 -> 0 | E53: 0 | F53: 0 | G53: ='Draw Request'!C70 -> 0
A54: ='Draw Request'!A71 -> 52 | B54: 700 | C54: ='Draw Request'!B71 -> Interior doors | D54: ='Draw Request'!D71 -> 0 | E54: 0 | F54: 0 | G54: ='Draw Request'!C71 -> 0
A55: ='Draw Request'!A72 -> 53 | B55: 700 | C55: ='Draw Request'!B72 -> Interior paint | D55: ='Draw Request'!D72 -> 0 | E55: 0 | F55: 0 | G55: ='Draw Request'!C72 -> 0
A56: ='Draw Request'!A73 -> 54 | B56: 700 | C56: ='Draw Request'!B73 -> Interior trim | D56: ='Draw Request'!D73 -> 0 | E56: 0 | F56: 0 | G56: ='Draw Request'!C73 -> 0
A57: ='Draw Request'!A74 -> 55 | B57: 700 | C57: ='Draw Request'!B74 -> Flooring - tile | D57: ='Draw Request'!D74 -> 0 | E57: 0 | F57: 0 | G57: ='Draw Request'!C74 -> 0
A58: ='Draw Request'!A75 -> 56 | B58: 700 | C58: ='Draw Request'!B75 -> Flooring - wood | D58: ='Draw Request'!D75 -> 0 | E58: 0 | F58: 0 | G58: ='Draw Request'!C75 -> 0
A59: ='Draw Request'!A76 -> 57 | B59: 700 | C59: ='Draw Request'!B76 -> Flooring - carpet | D59: ='Draw Request'!D76 -> 0 | E59: 0 | F59: 0 | G59: ='Draw Request'!C76 -> 0
A60: ='Draw Request'!A77 -> 58 | B60: 700 | C60: ='Draw Request'!B77 -> Flooring - vinyl | D60: ='Draw Request'!D77 -> 0 | E60: 0 | F60: 0 | G60: ='Draw Request'!C77 -> 0
A61: ='Draw Request'!A78 -> 59 | B61: 700 | C61: ='Draw Request'!B78 -> Stairs | D61: ='Draw Request'!D78 -> 0 | E61: 0 | F61: 0 | G61: ='Draw Request'!C78 -> 0
A62: ='Draw Request'!A79 -> 60 | B62: 700 | C62: ='Draw Request'!B79 -> Crown molding | D62: ='Draw Request'!D79 -> 0 | E62: 0 | F62: 0 | G62: ='Draw Request'!C79 -> 0
A63: ='Draw Request'!A80 -> 61 | B63: 700 | C63: ='Draw Request'!B80 -> Lighting | D63: ='Draw Request'!D80 -> 0 | E63: 0 | F63: 0 | G63: ='Draw Request'!C80 -> 0
A64: ='Draw Request'!A81 -> 62 | B64: 800 | C64: sectionDivider | D64: ='Draw Request'!D81 -> 0 | E64: 0 | F64: 0 | G64: ='Draw Request'!C81 -> 0
A65: ='Draw Request'!A82 -> 63 | B65: 800 | C65: ='Draw Request'!B82 -> Kitchen cabinets | D65: ='Draw Request'!D82 -> 0 | E65: 0 | F65: 0 | G65: ='Draw Request'!C82 -> 0
A66: ='Draw Request'!A83 -> 64 | B66: 800 | C66: ='Draw Request'!B83 -> Countertops | D66: ='Draw Request'!D83 -> 0 | E66: 0 | F66: 0 | G66: ='Draw Request'!C83 -> 0
A67: ='Draw Request'!A84 -> 65 | B67: 800 | C67: ='Draw Request'!B84 -> Sinks and faucets | D67: ='Draw Request'!D84 -> 0 | E67: 0 | F67: 0 | G67: ='Draw Request'!C84 -> 0
A68: ='Draw Request'!A85 -> 66 | B68: 800 | C68: ='Draw Request'!B85 -> Kitchen appliances | D68: ='Draw Request'!D85 -> 0 | E68: 0 | F68: 0 | G68: ='Draw Request'!C85 -> 0
A69: ='Draw Request'!A86 -> 67 | B69: 900 | C69: sectionDivider | D69: ='Draw Request'!D86 -> 0 | E69: 0 | F69: 0 | G69: ='Draw Request'!C86 -> 0
A70: ='Draw Request'!A87 -> 68 | B70: 900 | C70: ='Draw Request'!B87 -> Countertops | D70: ='Draw Request'!D87 -> 0 | E70: 0 | F70: 0 | G70: ='Draw Request'!C87 -> 0
A71: ='Draw Request'!A88 -> 69 | B71: 900 | C71: ='Draw Request'!B88 -> Vanities | D71: ='Draw Request'!D88 -> 0 | E71: 0 | F71: 0 | G71: ='Draw Request'!C88 -> 0
A72: ='Draw Request'!A89 -> 70 | B72: 900 | C72: ='Draw Request'!B89 -> Toilets, sinks, and fixtures | D72: ='Draw Request'!D89 -> 0 | E72: 0 | F72: 0 | G72: ='Draw Request'!C89 -> 0
A73: ='Draw Request'!A90 -> 71 | B73: 900 | C73: ='Draw Request'!B90 -> Tubs and showers | D73: ='Draw Request'!D90 -> 0 | E73: 0 | F73: 0 | G73: ='Draw Request'!C90 -> 0
A74: ='Draw Request'!A91 -> 72 | B74: 900 | C74: ='Draw Request'!B91 -> Mirrors , accessories | D74: ='Draw Request'!D91 -> 0 | E74: 0 | F74: 0 | G74: ='Draw Request'!C91 -> 0
A75: ='Draw Request'!A92 -> 73 | B75: 1000 | C75: sectionDivider | D75: ='Draw Request'!D92 -> 0 | E75: 0 | F75: 0 | G75: ='Draw Request'!C92 -> 0
A76: ='Draw Request'!A93 -> 74 | B76: 1000 | C76: ='Draw Request'!B93 -> Countertops | D76: ='Draw Request'!D93 -> 0 | E76: 0 | F76: 0 | G76: ='Draw Request'!C93 -> 0
A77: ='Draw Request'!A94 -> 75 | B77: 1000 | C77: ='Draw Request'!B94 -> Vanities | D77: ='Draw Request'!D94 -> 0 | E77: 0 | F77: 0 | G77: ='Draw Request'!C94 -> 0
A78: ='Draw Request'!A95 -> 76 | B78: 1000 | C78: ='Draw Request'!B95 -> Toilets, sinks, and fixtures | D78: ='Draw Request'!D95 -> 0 | E78: 0 | F78: 0 | G78: ='Draw Request'!C95 -> 0
A79: ='Draw Request'!A96 -> 77 | B79: 1000 | C79: ='Draw Request'!B96 -> Tubs and showers | D79: ='Draw Request'!D96 -> 0 | E79: 0 | F79: 0 | G79: ='Draw Request'!C96 -> 0
A80: ='Draw Request'!A97 -> 78 | B80: 1000 | C80: ='Draw Request'!B97 -> Mirrors, accessories | D80: ='Draw Request'!D97 -> 0 | E80: 0 | F80: 0 | G80: ='Draw Request'!C97 -> 0
A81: ='Draw Request'!A98 -> 79 | B81: 1100 | C81: sectionDivider | D81: ='Draw Request'!D98 -> 0 | E81: 0 | F81: 0 | G81: ='Draw Request'!C98 -> 0
A82: ='Draw Request'!A99 -> 80 | B82: 1100 | C82: ='Draw Request'!B99 -> Framing and insulation | D82: ='Draw Request'!D99 -> 0 | E82: 0 | F82: 0 | G82: ='Draw Request'!C99 -> 0
A83: ='Draw Request'!A100 -> 81 | B83: 1100 | C83: ='Draw Request'!B100 -> Drywall | D83: ='Draw Request'!D100 -> 0 | E83: 0 | F83: 0 | G83: ='Draw Request'!C100 -> 0
A84: ='Draw Request'!A101 -> 82 | B84: 1100 | C84: ='Draw Request'!B101 -> Paint | D84: ='Draw Request'!D101 -> 0 | E84: 0 | F84: 0 | G84: ='Draw Request'!C101 -> 0
A85: ='Draw Request'!A102 -> 83 | B85: 1100 | C85: ='Draw Request'!B102 -> Flooring | D85: ='Draw Request'!D102 -> 0 | E85: 0 | F85: 0 | G85: ='Draw Request'!C102 -> 0
A86: ='Draw Request'!A103 -> 84 | B86: 1100 | C86: ='Draw Request'!B103 -> Stairs | D86: ='Draw Request'!D103 -> 0 | E86: 0 | F86: 0 | G86: ='Draw Request'!C103 -> 0
A87: ='Draw Request'!A104 -> 85 | B87: 1100 | C87: ='Draw Request'!B104 -> Waterproofing | D87: ='Draw Request'!D104 -> 0 | E87: 0 | F87: 0 | G87: ='Draw Request'!C104 -> 0
A88: ='Draw Request'!A105 -> 86 | B88: 1200 | C88: sectionDivider | D88: ='Draw Request'!D105 -> 0 | E88: 0 | F88: 0 | G88: ='Draw Request'!C105 -> 0
A89: ='Draw Request'!A106 -> 87 | B89: 1200 | C89: ='Draw Request'!B106 -> Driveway | D89: ='Draw Request'!D106 -> 0 | E89: 0 | F89: 0 | G89: ='Draw Request'!C106 -> 0
A90: ='Draw Request'!A107 -> 88 | B90: 1200 | C90: ='Draw Request'!B107 -> Sidewalks | D90: ='Draw Request'!D107 -> 0 | E90: 0 | F90: 0 | G90: ='Draw Request'!C107 -> 0
A91: ='Draw Request'!A108 -> 89 | B91: 1200 | C91: ='Draw Request'!B108 -> Porch/Deck (front) | D91: ='Draw Request'!D108 -> 0 | E91: 0 | F91: 0 | G91: ='Draw Request'!C108 -> 0
A92: ='Draw Request'!A109 -> 90 | B92: 1200 | C92: ='Draw Request'!B109 -> Porch/Deck (rear) | D92: ='Draw Request'!D109 -> 0 | E92: 0 | F92: 0 | G92: ='Draw Request'!C109 -> 0
A93: ='Draw Request'!A110 -> 91 | B93: 1200 | C93: ='Draw Request'!B110 -> Sod | D93: ='Draw Request'!D110 -> 0 | E93: 0 | F93: 0 | G93: ='Draw Request'!C110 -> 0
A94: ='Draw Request'!A111 -> 92 | B94: 1200 | C94: ='Draw Request'!B111 -> Landscaping | D94: ='Draw Request'!D111 -> 0 | E94: 0 | F94: 0 | G94: ='Draw Request'!C111 -> 0
A95: ='Draw Request'!A112 -> 93 | B95: 1200 | C95: ='Draw Request'!B112 -> Fencing | D95: ='Draw Request'!D112 -> 0 | E95: 0 | F95: 0 | G95: ='Draw Request'!C112 -> 0
A96: ='Draw Request'!A113 -> 94 | B96: 1200 | C96: ='Draw Request'!B113 -> Pool | D96: ='Draw Request'!D113 -> 0 | E96: 0 | F96: 0 | G96: ='Draw Request'!C113 -> 0
A97: ='Draw Request'!A114 -> 95 | B97: 1200 | C97: ='Draw Request'!B114 -> Pool deck or pavers | D97: ='Draw Request'!D114 -> 0 | E97: 0 | F97: 0 | G97: ='Draw Request'!C114 -> 0
A98: ='Draw Request'!A115 -> 96 | B98: 1200 | C98: ='Draw Request'!B115 -> Outdoor kitchen | D98: ='Draw Request'!D115 -> 0 | E98: 0 | F98: 0 | G98: ='Draw Request'!C115 -> 0
A99: ='Draw Request'!A116 -> 97 | B99: 1300 | C99: sectionDivider | D99: ='Draw Request'!D116 -> 0 | E99: 0 | F99: 0 | G99: ='Draw Request'!C116 -> 0
A100: ='Draw Request'!A117 -> 98 | B100: 1300 | C100: ='Draw Request'!B117 -> Cleanup | D100: ='Draw Request'!D117 -> 0 | E100: 0 | F100: 0 | G100: ='Draw Request'!C117 -> 0
...
